[Event "Titled Tuesday Blitz June 13 Late 2023"]
[White "Klukin, Kirill"]
[Black "Deac, Bogdan-Daniel"]
[WhiteFideId "24199273"]
[BlackFideId "1226380"]
[WhiteElo "2344"]
[BlackElo "2644"]
[Result "0-1"]
[Round "8"]
[TimeControl "180+2"]
[Date "2023.06.13"]
[WhiteClock "0:00:00"]
[BlackClock "0:00:04"]
[Board "13"]

1. d4 b5 2. e4 Bb7 3. Bxb5 Bxe4 4. Nf3 c6 5. Nc3 Bxf3 6. Qxf3 Nf6 7. O-O e6 8. Re1 Be7 9. Bd3 d5 10. Ne2 O-O 11. c3 Nbd7 12. Ng3 Re8 13. Bf4 Nf8 14. b4 Ng6 15. Bg5 a5 16. a3 Nd7 17. Bd2 Bd6 18. Ne2 e5 19. Bxg6 hxg6 20. dxe5 Nxe5 21. Qh3 Nc4 22. Qd3 axb4 23. axb4 Rxa1 24. Rxa1 Qh4 25. Ng3 Ne5 26. Qe2 Kf8 27. Re1 Qd8 28. Kf1 Re6 29. Qd1 Qh4 30. Kg1 Kg8 31. h3 Nc4 32. Rxe6 fxe6 33. Nf1 Qf6 34. Qe2 Nxd2 35. Qxd2 Be5 36. c4 dxc4 37. Ne3 c3 38. Qd7 Bd4 39. Ng4 Qf4 40. Qxc6 Kh7 41. g3 Qd2 42. Qc4 c2 0-1


[Site "https://www.chess.com"]

[Event "Titled Tuesday Blitz June 13 Late 2023"]
[White "Sydoryka, Vladyslav"]
[Black "Anton Guijarro, David"]
[WhiteFideId "14145928"]
[BlackFideId "2285525"]
[WhiteElo "2269"]
[BlackElo "2618"]
[Result "0-1"]
[Round "8"]
[TimeControl "180+2"]
[Date "2023.06.13"]
[WhiteClock "0:00:43"]
[BlackClock "0:00:25"]
[Board "14"]

1. c4 e6 2. g3 d5 3. Bg2 c6 4. Nf3 dxc4 5. O-O b5 6. a4 Bb7 7. b3 cxb3 8. Qxb3 a6 9. Bb2 Nf6 10. Rc1 Be7 11. Nd4 b4 12. a5 O-O 13. Nxc6 Nxc6 14. Bxc6 Bxc6 15. Rxc6 Qd7 16. Rc1 h5 17. d3 h4 18. Nd2 h3 19. Rc4 Qd5 20. f3 Qb5 21. Rac1 Qxa5 22. Bxf6 Bxf6 23. Rxb4 Be7 24. Rcc4 Bxb4 25. Rxb4 Qc5+ 26. d4 Qc1+ 27. Nf1 a5 28. Ra4 Rfb8 29. Qd3 Rb1 30. e3 Qd1 31. Qxd1 Rxd1 32. Kf2 Rb1 33. g4 Rb4 34. Ra3 Rb2+ 35. Kg3 a4 0-1


[Site "https://www.chess.com"]

[Event "Titled Tuesday Blitz June 13 Late 2023"]
[White "Martinez Alcantara, Jose Eduardo"]
[Black "Manea, Alexandru"]
[WhiteFideId "3805662"]
[BlackFideId "1207660"]
[WhiteElo "2711"]
[BlackElo "2226"]
[Result "1-0"]
[Round "8"]
[TimeControl "180+2"]
[Date "2023.06.13"]
[WhiteClock "0:01:18"]
[BlackClock "0:01:06"]
[Board "15"]

1. e4 Nf6 2. e5 Nd5 3. Nc3 Nxc3 4. dxc3 d5 5. exd6 Qxd6 6. Bd3 Nc6 7. Nf3 Bg4 8. h3 Bh5 9. Qe2 Bg6 10. Bb5 a6 11. Ba4 O-O-O 12. Be3 e5 13. O-O f6 14. Rfd1 Qe6 15. Rxd8+ Nxd8 16. Bb3 Qc6 17. Rd1 Bd6 18. Nh4 f5 19. Bd5 Qb5 20. c4 Qxb2 21. c5 Be7 22. c6 Bxh4 23. cxb7+ Nxb7 24. Be6+ Kb8 25. Qxa6 c6 26. Qa7+ Kc7 27. Rd7+ 1-0


[Site "https://www.chess.com"]

[Event "Titled Tuesday Blitz June 13 Late 2023"]
[White "Siddharth, Jagadeesh"]
[Black "Sviridov, Valery"]
[WhiteFideId "5818320"]
[BlackFideId "4120680"]
[WhiteElo "2303"]
[BlackElo "2457"]
[Result "0-1"]
[Round "8"]
[TimeControl "180+2"]
[Date "2023.06.13"]
[WhiteClock "0:00:53"]
[BlackClock "0:01:35"]
[Board "16"]

1. e4 Nf6 2. e5 Nd5 3. c4 Nb6 4. d4 d6 5. f4 dxe5 6. fxe5 Nc6 7. Be3 Bf5 8. Nc3 e6 9. Nf3 Qd7 10. Be2 O-O-O 11. O-O Bg4 12. c5 Nd5 13. Nxd5 Qxd5 14. b4 f6 15. Qa4 Qe4 16. Qb3 Kb8 17. a4 Nxd4 18. Nxd4 Bxe2 19. Nxe2 Rd3 20. Rad1 Qxe3+ 21. Kh1 Rxd1 22. Rxd1 Bxc5 23. Qc4 Bxb4 24. Nd4 a5 25. exf6 gxf6 26. Nxe6 Qe5 27. g3 Re8 28. Nd4 Qe4+ 29. Kg1 c5 30. Nc6+ Qxc6 31. Qf7 c4 0-1


[Site "https://www.chess.com"]

[Event "Titled Tuesday Blitz June 13 Late 2023"]
[White "Lobanov, Sergei"]
[Black "Bortnyk, Olexandr"]
[WhiteFideId "24183750"]
[BlackFideId "14120828"]
[WhiteElo "2501"]
[BlackElo "2733"]
[Result "0-1"]
[Round "8"]
[TimeControl "180+2"]
[Date "2023.06.13"]
[WhiteClock "0:00:02"]
[BlackClock "0:00:04"]
[Board "17"]

1. d4 Nf6 2. c4 b6 3. Nc3 Bb7 4. Bg5 e6 5. a3 c5 6. d5 exd5 7. cxd5 Bd6 8. Nf3 O-O 9. e3 Re8 10. Bd3 Be7 11. d6 Bf8 12. Bc4 h6 13. Bh4 Nc6 14. Nd5 Re6 15. Nxf6+ Rxf6 16. Bxf6 Qxf6 17. O-O Bxd6 18. Qd2 Na5 19. Bd5 Bc6 20. Rfd1 Rd8 21. Rab1 Qg6 22. b4 cxb4 23. axb4 Nb7 24. b5 Bxd5 25. Qxd5 Rb8 26. Rbc1 Bc5 27. h3 d6 28. Rc4 Na5 29. Rg4 Qe6 30. Re4 Qxd5 31. Rxd5 Kf8 32. Nd4 Rc8 33. Rf5 g6 34. Rf6 Kg7 35. Rf3 Rc7 36. Re8 Nc4 37. g4 Na3 38. h4 Bxd4 39. exd4 Nxb5 40. d5 Nc3 41. Rd3 b5 42. g5 h5 43. Rb8 a5 44. Re3 Nxd5 45. Ree8 Ne7 46. Rxb5 Ra7 47. Rb2 a4 48. Ra2 a3 49. Kh2 Nd5 50. Kg3 Nb4 51. Ra1 a2 52. Re2 Ra3+ 53. f3 d5 54. Rb2 Ra4 55. Rb3 d4 56. Kf2 Nc2 0-1


[Site "https://www.chess.com"]

[Event "Titled Tuesday Blitz June 13 Late 2023"]
[White "Fernandez Guillen, Ernesto J."]
[Black "Demidov, Mikhail"]
[WhiteFideId "3512428"]
[BlackFideId "4197143"]
[WhiteElo "2434"]
[BlackElo "2500"]
[Result "0-1"]
[Round "8"]
[TimeControl "180+2"]
[Date "2023.06.13"]
[WhiteClock "0:00:02"]
[BlackClock "0:00:12"]
[Board "18"]

1. e4 g6 2. d4 Bg7 3. Nc3 a6 4. Be3 b5 5. f3 Bb7 6. Qd2 d6 7. h4 h5 8. Nh3 Nd7 9. O-O-O Rc8 10. Kb1 c5 11. Ng5 cxd4 12. Bxd4 Bxd4 13. Qxd4 Ngf6 14. Nd5 Bxd5 15. exd5 Qc7 16. Bd3 Qc5 17. Qf4 Ne5 18. Rhe1 Nxd5 19. Qe4 Nf6 20. Qe2 O-O 21. g4 Qb4 22. gxh5 Nxh5 23. Ne4 Rc7 24. c3 Qa5 25. Bc2 b4 26. cxb4 Qxb4 27. Bb3 Kg7 28. Qe3 a5 29. f4 Ng4 30. Qf3 a4 31. Qxg4 axb3 32. a3 Qa5 33. f5 Qxf5 34. Qxf5 gxf5 35. Rg1+ Kh6 36. Ng5 f4 37. Rd3 Rb7 38. Rf1 f6 39. Ne6 Rc8 40. Nxf4 Nxf4 41. Rxf4 Rc5 42. Rff3 Rcb5 43. Rfe3 Kg6 44. Rd4 Kf7 45. Rc4 e5 46. Rcc3 Ke6 47. Rc6 f5 48. Ra6 f4 49. Rd3 Rd5 50. Rxd5 Kxd5 51. Kc1 Ke4 52. Kd2 d5 53. h5 f3 54. h6 Rc7 55. Rf6 Rc2+ 56. Ke1 Rxb2 57. h7 Rh2 58. Rf7 b2 0-1


[Site "https://www.chess.com"]

[Event "Titled Tuesday Blitz June 13 Late 2023"]
[White "Bordi, Kevin"]
[Black "Babazada, Khazar"]
[WhiteFideId "621862"]
[BlackFideId "13413554"]
[WhiteElo "2745"]
[BlackElo "2369"]
[Result "0-1"]
[Round "8"]
[TimeControl "180+2"]
[Date "2023.06.13"]
[WhiteClock "0:00:26"]
[BlackClock "0:00:28"]
[Board "19"]

1. d4 Nf6 2. Bg5 c5 3. Bxf6 gxf6 4. d5 f5 5. c4 Bg7 6. Nc3 d6 7. e3 a6 8. Bd3 e6 9. Nge2 Nd7 10. f4 h5 11. O-O h4 12. e4 fxe4 13. Nxe4 Nf6 14. N2c3 exd5 15. Nxf6+ Bxf6 16. Nxd5 Bd4+ 17. Kh1 Be6 18. Qf3 Kf8 19. f5 Bxd5 20. Qxd5 Rh6 21. f6 Bxf6 22. Rf3 Qe7 23. Raf1 Re8 24. Qf5 Kg7 25. Rf4 Qe6 26. Rg4+ Kh8 27. Qf3 Qe3 28. Qd5 Re7 29. Qf5 Qe6 30. Qf3 Bxb2 31. Be4 Bg7 32. Bxb7 Rf6 33. Rxh4+ Kg8 34. Qd1 0-1


[Site "https://www.chess.com"]

[Event "Titled Tuesday Blitz June 13 Late 2023"]
[White "Nazari, Arad"]
[Black "Grigoriants, Sergey"]
[WhiteFideId "12577324"]
[BlackFideId "4130804"]
[WhiteElo "2175"]
[BlackElo "2502"]
[Result "0-1"]
[Round "8"]
[TimeControl "180+2"]
[Date "2023.06.13"]
[WhiteClock "0:00:00"]
[BlackClock "0:00:07"]
[Board "20"]

1. e4 c6 2. Nf3 d5 3. Nc3 Bg4 4. h3 Bxf3 5. Qxf3 Nf6 6. Be2 e6 7. O-O Bc5 8. Rd1 Bd4 9. Qg3 O-O 10. exd5 exd5 11. Bd3 Nbd7 12. Ne2 Bb6 13. Bf5 Re8 14. Nf4 Ne4 15. Bxe4 Rxe4 16. d3 Re8 17. d4 Nf6 18. Qf3 Re4 19. c3 Qd7 20. Nd3 Rae8 21. Bg5 R8e6 22. Nf4 Rd6 23. Ne2 Re8 24. Ng3 Ne4 25. Nxe4 Rxe4 26. Re1 Rde6 27. Bd2 Bc7 28. Rxe4 Rxe4 29. Re1 Qe6 30. Kf1 f5 31. b3 Bd6 32. Rxe4 dxe4 33. Qe2 b5 34. c4 bxc4 35. bxc4 f4 36. Bc1 h6 37. f3 e3 38. Qd3 Bc7 39. d5 cxd5 40. cxd5 Qb6 41. Ke2 Bd6 42. h4 h5 43. Qf5 Qa6+ 0-1


[Site "https://www.chess.com"]

[Event "Titled Tuesday Blitz June 13 Late 2023"]
[White "Elsa167"]
[Black "Wieczorek, Oskar"]
[BlackFideId "1133950"]
[WhiteElo "2879"]
[BlackElo "2418"]
[Result "1-0"]
[Round "8"]
[TimeControl "180+2"]
[Date "2023.06.13"]
[WhiteClock "0:01:25"]
[BlackClock "0:01:34"]
[Board "21"]

1. d4 g6 2. c4 Bg7 3. e4 c5 4. d5 d6 5. Nc3 Nf6 6. f3 O-O 7. Bg5 a6 8. a4 e6 9. Qd2 exd5 10. cxd5 Nbd7 11. Nh3 Qa5 12. Ra3 Re8 13. Nf2 h6 14. Be3 h5 15. Be2 Nh7 16. O-O Ne5 17. h3 f5 18. Bh6 Nf7 19. Bxg7 Kxg7 20. Bd3 Nh6 21. Raa1 Qb4 22. a5 Bd7 23. b3 Nf6 24. Bc4 Nf7 25. Nd3 fxe4 26. Nxb4 e3 27. Qb2 cxb4 28. Ne4 Rxe4 29. fxe4 Ne5 30. Rae1 Nh7 31. Rxe3 h4 32. Qd2 1-0


[Site "https://www.chess.com"]

[Event "Titled Tuesday Blitz June 13 Late 2023"]
[White "benny_aizenberg"]
[Black "Pap, Gyula"]
[BlackFideId "725323"]
[WhiteElo "2687"]
[BlackElo "2519"]
[Result "1/2-1/2"]
[Round "8"]
[TimeControl "180+2"]
[Date "2023.06.13"]
[WhiteClock "0:00:07"]
[BlackClock "0:00:06"]
[Board "22"]

1. c4 e6 2. g3 d5 3. Bg2 d4 4. Nf3 Nc6 5. O-O Nh6 6. d3 Nf5 7. a3 a5 8. Nbd2 Be7 9. Ne4 O-O 10. Bd2 a4 11. b4 axb3 12. Qxb3 Ra7 13. a4 b6 14. c5 bxc5 15. Rfc1 Qd5 16. Qxd5 exd5 17. Nxc5 Na5 18. Bxa5 Rxa5 19. Nb3 Ra7 20. Nfxd4 Nxd4 21. Nxd4 Bf6 22. Nb5 Ra5 23. Ra2 Bd7 24. Nxc7 Rc8 25. Rac2 Bxa4 26. Rc5 Rxc5 27. Rxc5 d4 28. Na6 Re8 29. Bf3 Bd7 30. Kg2 Be6 31. Nc7 Rd8 32. h4 h6 33. Bd5 Bc8 34. Bb3 Kf8 35. f3 Bb7 36. Bd5 Bc8 37. Be4 Bd7 38. Rd5 Ke7 39. Bf5 Bc6 40. Rxd8 Kxd8 41. Na6 Bb5 42. Nc5 Kc7 43. h5 Bc6 44. Bh7 Kd6 45. Ne4+ Bxe4 46. Bxe4 Bd8 47. f4 Ba5 48. Kf3 Be1 49. Bh7 Kd5 50. Bg8 Ke6 51. g4 Ke7 52. Bh7 Bh4 53. Be4 Be1 54. Bd5 f6 55. Ke4 Bf2 56. Kf5 Be3 57. Ke4 Kd6 58. Bb3 Ke7 59. Kf3 Kd6 60. Ke4 Ke7 61. Ba2 Kd6 62. Kf5 Ke7 63. Bb3 Kf8 64. Bd5 Ke7 65. Ke4 Kd6 66. Bg8 Ke7 67. Bh7 Kd6 68. Bf5 Ke7 69. Kf3 Kd6 70. Be4 Ke7 71. Bd5 Kd6 72. Ba2 Ke7 73. Kg3 Kd6 74. Kf3 Ke7 75. Bb3 Kd6 76. Ba4 Ke7 77. Ke4 Kd6 78. Kf5 Ke7 79. Kg6 Kf8 80. g5 fxg5 81. f5 g4 82. Bc6 g3 83. f6 gxf6 84. Kxf6 Bg5+ 85. Ke5 Be3 86. Bf3 Ke7 87. Kf5 Kf7 88. Kg4 Ke6 89. Kxg3 Ke5 90. Kg4 Bg5 91. Be4 Be3 92. Bg6 Bg5 93. Kf3 Bd2 94. Be8 Bg5 95. Bb5 Bc1 96. Bc4 Bg5 97. Kg4 Bc1 98. Kf3 Bg5 99. Kg4 Bc1 100. Kf3 1/2-1/2


[Site "https://www.chess.com"]

[Event "Titled Tuesday Blitz June 13 Late 2023"]
[White "Katz, Alexander"]
[Black "Mekhitarian, Krikor Sevag"]
[WhiteFideId "2039796"]
[BlackFideId "2107660"]
[WhiteElo "2389"]
[BlackElo "2604"]
[Result "0-1"]
[Round "8"]
[TimeControl "180+2"]
[Date "2023.06.13"]
[WhiteClock "0:00:06"]
[BlackClock "0:00:16"]
[Board "23"]

1. e4 e6 2. d4 d5 3. Nc3 Nf6 4. Bg5 dxe4 5. Nxe4 Be7 6. Bxf6 gxf6 7. Qd3 f5 8. Nc3 c6 9. O-O-O Nd7 10. h3 Nf6 11. Be2 Nd5 12. Nxd5 Qxd5 13. c4 Qxg2 14. Bf3 Qxf2 15. Kb1 Rg8 16. Ne2 Bf6 17. d5 Qb6 18. Nc3 Bd7 19. dxe6 Bxe6 20. Rhe1 Rd8 21. Qxf5 Rxd1+ 22. Nxd1 Ke7 23. Qxh7 Rg1 24. Qe4 Rxe1 25. Qxe1 Qd4 26. Bg4 Qd3+ 27. Ka1 Qxc4 28. Bxe6 Qc1# 0-1


[Site "https://www.chess.com"]

[Event "Titled Tuesday Blitz June 13 Late 2023"]
[White "Jumabayev, Rinat"]
[Black "Kucuksari, Kaan"]
[WhiteFideId "13702661"]
[BlackFideId "6380166"]
[WhiteElo "2561"]
[BlackElo "2364"]
[Result "1-0"]
[Round "8"]
[TimeControl "180+2"]
[Date "2023.06.13"]
[WhiteClock "0:00:26"]
[BlackClock "0:00:00"]
[Board "24"]

1. e3 d5 2. Nf3 Nf6 3. c4 c6 4. b3 Nbd7 5. Bb2 e6 6. Nc3 Bd6 7. Qc2 O-O 8. d4 b6 9. Bd3 Bb7 10. O-O Qe7 11. Rad1 Rad8 12. Rfe1 Rfe8 13. e4 dxe4 14. Nxe4 Nxe4 15. Bxe4 Nf6 16. Bd3 Bb4 17. Re3 Ba3 18. Ba1 Bd6 19. Ne5 h6 20. Rde1 Bb4 21. R1e2 Qc7 22. Rg3 Nh5 23. Rg4 f5 24. Rh4 Nf6 25. Bb2 Be7 26. Ng6 Bd6 27. d5 Qf7 28. Ne5 Bxe5 29. dxe6 Rxe6 30. Rxe5 Rxe5 31. Bxe5 Re8 32. Bc3 Ne4 33. Bxe4 fxe4 34. Rg4 g6 35. Rxe4 c5 36. Rxe8+ Qxe8 37. Qd2 Kh7 38. f3 Qe7 39. Kf1 Bc6 40. Qf4 Bd7 41. Qb8 Be8 42. h3 h5 43. h4 Qd7 44. Qe5 Qd3+ 45. Kf2 Qc2+ 46. Kg3 1-0


[Site "https://www.chess.com"]

[Event "Titled Tuesday Blitz June 13 Late 2023"]
[White "Sieciechowicz, Marcin"]
[Black "Maksimovic, Bojan"]
[WhiteFideId "1130170"]
[BlackFideId "14408120"]
[WhiteElo "2301"]
[BlackElo "2457"]
[Result "0-1"]
[Round "8"]
[TimeControl "180+2"]
[Date "2023.06.13"]
[WhiteClock "0:00:00"]
[BlackClock "0:01:29"]
[Board "25"]

1. d4 Nf6 2. Bf4 Nh5 3. Bg3 d6 4. e4 g6 5. Be2 Nxg3 6. hxg3 Bg7 7. Nf3 c5 8. c3 cxd4 9. Nxd4 Nc6 10. Nf3 Qb6 11. Qb3 Be6 12. Qxb6 axb6 13. a3 Nb4 14. Kd2 Na6 15. Kc2 Nc5 16. Nbd2 h6 17. Nd4 Bc8 18. Nc4 Nxe4 19. Nxb6 Rb8 20. Bb5+ Kf8 21. Rhf1 h5 22. Rae1 Bxd4 23. Nxc8 Nxg3 24. fxg3 Rxc8 25. Bd7 Rc7 26. Be6 Bf6 27. Bd5 Kg7 28. a4 Ra8 29. Ra1 Ra5 30. Bb3 Rg5 31. Rf3 d5 32. Kd3 e6 33. a5 Be5 34. a6 bxa6 35. Rxa6 Rb7 36. Kc2 Bxg3 37. Ba4 Bh4 38. Bc6 Rxg2+ 39. Kd3 Rbxb2 40. Ra7 Rbd2+ 0-1


[Site "https://www.chess.com"]

[Event "Titled Tuesday Blitz June 13 Late 2023"]
[White "Adewumi, Tanitoluwa"]
[Black "Najer, Evgeniy"]
[WhiteFideId "30966396"]
[BlackFideId "4118987"]
[WhiteElo "2650"]
[BlackElo "2545"]
[Result "0-1"]
[Round "8"]
[TimeControl "180+2"]
[Date "2023.06.13"]
[WhiteClock "0:00:00"]
[BlackClock "0:00:59"]
[Board "27"]

1. e4 c6 2. d4 d5 3. exd5 cxd5 4. Bd3 Nc6 5. c3 Nf6 6. h3 g6 7. Nf3 Bf5 8. O-O Bxd3 9. Qxd3 e6 10. Re1 Qc7 11. Bg5 Ne4 12. Bh4 Bd6 13. Nbd2 f5 14. Ng5 Qd7 15. Nxe6 Qxe6 16. f3 O-O 17. fxe4 fxe4 18. Qb5 a6 19. Qb3 Na5 20. Qa4 Bc7 21. Qb4 Rf7 22. Rf1 Raf8 23. Rxf7 Rxf7 24. Rf1 Nc6 25. Qb3 Bf4 26. Qd1 g5 27. Be1 e3 0-1


[Site "https://www.chess.com"]

[Event "Titled Tuesday Blitz June 13 Late 2023"]
[White "Bayo Milagro, Alvaro"]
[Black "Lashkin, Jegor"]
[WhiteFideId "22275240"]
[BlackFideId "13907808"]
[WhiteElo "2270"]
[BlackElo "2368"]
[Result "0-1"]
[Round "8"]
[TimeControl "180+2"]
[Date "2023.06.13"]
[WhiteClock "0:00:01"]
[BlackClock "0:00:03"]
[Board "28"]

1. d4 Nf6 2. Nf3 d5 3. c4 e6 4. g3 dxc4 5. Bg2 c6 6. a4 Bb4+ 7. Bd2 a5 8. Qc2 O-O 9. Qxc4 Bxd2+ 10. Nbxd2 b6 11. Qc2 Bb7 12. O-O Na6 13. Nc4 c5 14. dxc5 Nxc5 15. Rfd1 Qc7 16. Nfe5 Bxg2 17. Kxg2 Nd5 18. Nd3 Ne4 19. Nde5 Nc5 20. Nd3 Ne4 21. Nde5 Nd6 22. Rac1 Rac8 23. b3 f6 24. Nf3 Nxc4 25. Qxc4 Qb7 26. Qe4 Qf7 27. Qd3 Qe7 28. Nd4 Rxc1 29. Rxc1 Qd7 30. Qe4 Re8 31. Kg1 Nb4 32. Nb5 f5 33. Qe5 Nd5 34. Rd1 Qe7 35. e4 fxe4 36. Qxe4 Nf6 37. Qe5 Nd5 38. Nd4 Nf6 39. Re1 Qf7 40. Nxe6 Nd7 41. Qd6 Nc5 42. Nxc5 Rxe1+ 0-1


[Site "https://www.chess.com"]

[Event "Titled Tuesday Blitz June 13 Late 2023"]
[White "Gadimbayli, Abdulla"]
[Black "Janaszak, Dawid"]
[WhiteFideId "13404938"]
[BlackFideId "1119206"]
[WhiteElo "2386"]
[BlackElo "2220"]
[Result "1/2-1/2"]
[Round "8"]
[TimeControl "180+2"]
[Date "2023.06.13"]
[WhiteClock "0:00:27"]
[BlackClock "0:00:54"]
[Board "29"]

1. e4 c5 2. Nf3 Nc6 3. Bb5 e5 4. O-O Nge7 5. c3 g6 6. d4 cxd4 7. cxd4 exd4 8. Nxd4 Bg7 9. Be3 O-O 10. Nc3 d5 11. exd5 Nxd5 12. Nxc6 bxc6 13. Nxd5 Qxd5 14. Qxd5 cxd5 15. Bc5 Rb8 16. Bxf8 Kxf8 17. Bc6 Bxb2 18. Rad1 Ba6 19. Rfe1 Bc3 20. Re3 d4 21. Re5 Rb2 22. Re8+ Kg7 23. Re7 Bc4 24. Rxa7 Bxa2 25. h4 Bb3 26. Rd3 Bc4 27. Rd1 Bb3 28. Rd3 Bc4 29. Rd1 Bb3 1/2-1/2


[Site "https://www.chess.com"]

[Event "Titled Tuesday Blitz June 13 Late 2023"]
[White "Hambleton, Aman"]
[Black "Mika, Tomasz"]
[WhiteFideId "2606577"]
[BlackFideId "1132970"]
[WhiteElo "2511"]
[BlackElo "2186"]
[Result "1-0"]
[Round "8"]
[TimeControl "180+2"]
[Date "2023.06.13"]
[WhiteClock "0:00:02"]
[BlackClock "0:00:00"]
[Board "30"]

1. d4 Nf6 2. Bf4 c5 3. e3 Qb6 4. Na3 d6 5. Nc4 Qc7 6. c3 g6 7. h3 Bg7 8. Nf3 O-O 9. a4 b6 10. Ncd2 Bb7 11. Bd3 Nbd7 12. Bh2 Rfe8 13. O-O e5 14. dxe5 Nxe5 15. Bxe5 dxe5 16. e4 Nh5 17. Re1 Nf4 18. Bf1 Rad8 19. Qc2 Rd7 20. g3 Nh5 21. Bb5 Bc6 22. Nc4 Bxb5 23. axb5 Red8 24. Red1 Bf6 25. Ne3 Rxd1+ 26. Rxd1 Rxd1+ 27. Qxd1 Bg7 28. Qd5 Nf6 29. Qa8+ Bf8 30. Nd5 Nxd5 31. Qxd5 Bd6 32. Nd2 Qe7 33. Nc4 Bc7 34. Qa8+ Kg7 35. Qd5 f6 36. Kg2 Qd8 37. Qb7 Kh6 38. Ne3 Qd6 39. Nd5 Bd8 40. c4 f5 41. Qf7 fxe4 42. h4 1-0


[Site "https://www.chess.com"]

[Event "Titled Tuesday Blitz June 13 Late 2023"]
[White "Ibarra Jerez, Jose Carlos"]
[Black "HamedWafa4"]
[WhiteFideId "2226332"]
[WhiteElo "2631"]
[BlackElo "2552"]
[Result "1-0"]
[Round "8"]
[TimeControl "180+2"]
[Date "2023.06.13"]
[WhiteClock "0:00:06"]
[BlackClock "0:00:06"]
[Board "31"]

1. e4 e5 2. Nf3 Nc6 3. Bb5 a6 4. Bxc6 dxc6 5. O-O f6 6. d4 exd4 7. Nxd4 c5 8. Nb3 Qxd1 9. Rxd1 Bd7 10. Bf4 O-O-O 11. Nc3 Be6 12. Rxd8+ Kxd8 13. Rd1+ Kc8 14. Nd5 Bxd5 15. Rxd5 b6 16. f3 Ne7 17. Rd1 Nc6 18. c3 Be7 19. Kf2 c4 20. Nd2 b5 21. Ke2 h5 22. h4 a5 23. a4 bxa4 24. Nxc4 Rd8 25. Ra1 a3 26. Nxa3 Kb7 27. Nc4 Ra8 28. b3 Bc5 29. Bd2 g6 30. Nb2 Ne5 31. Bf4 Nc6 32. Nd3 Be7 33. g3 Kc8 34. Kd2 Rb8 35. Kc2 Rb5 36. Ra4 g5 37. hxg5 fxg5 38. Be3 h4 39. c4 Rb8 40. gxh4 gxh4 41. Ra1 Kd7 42. Rd1 Ke6 43. Nf4+ Kf7 44. Nh3 Rg8 45. Rg1 Nb4+ 46. Kc1 Nd3+ 47. Kd2 Rd8 48. Ke2 Nb4 49. Nf4 Rh8 50. Ng6 Rh7 51. Nxe7 Kxe7 52. Bc5+ Ke6 53. Rh1 Nc6 54. f4 Rh8 55. Kf3 Rb8 56. Rxh4 Rxb3+ 57. Kg4 Rc3 58. Rh6+ Kd7 59. Rh7+ Kc8 60. f5 Rxc4 61. Bf8 Rxe4+ 62. Kg5 Re1 63. f6 Rf1 64. Ba3 Rf3 65. Bb2 Nd8 66. Rh8 Kd7 67. Rh7+ Kc6 68. Re7 a4 69. Be5 Kd5 70. Bxc7 Ne6+ 71. Kg6 Nxc7 72. Rxc7 a3 73. f7 a2 74. Ra7 Rf2 75. Rxa2 Rxa2 76. f8=Q Kc4 77. Qf7+ 1-0


[Site "https://www.chess.com"]

[Event "Titled Tuesday Blitz June 13 Late 2023"]
[White "Martinez Ramirez, Lennis"]
[Black "Kramnik, Vladimir"]
[WhiteFideId "3509079"]
[BlackFideId "4101588"]
[WhiteElo "2410"]
[BlackElo "2703"]
[Result "0-1"]
[Round "8"]
[TimeControl "180+2"]
[Date "2023.06.13"]
[WhiteClock "0:00:17"]
[BlackClock "0:00:52"]
[Board "32"]

1. Nf3 Nf6 2. c4 c6 3. e3 d5 4. b3 Bg4 5. Bb2 Nbd7 6. Be2 e6 7. h3 Bh5 8. d3 Bd6 9. Nbd2 h6 10. Qc2 Qe7 11. a3 a5 12. e4 dxe4 13. dxe4 e5 14. Nh4 Bg6 15. Nxg6 fxg6 16. O-O O-O 17. g3 Kh7 18. Kg2 Bc5 19. f4 Rae8 20. f5 gxf5 21. Rxf5 g6 22. Rf3 Bd4 23. Raf1 Kg7 24. b4 axb4 25. axb4 c5 26. b5 Nh7 27. Nb1 Rxf3 28. Bxf3 Ndf6 29. Nc3 Qe6 30. Nd5 Ng5 31. Nc7 Qxh3# 0-1


[Site "https://www.chess.com"]

[Event "Titled Tuesday Blitz June 13 Late 2023"]
[White "Sai Krishna G V"]
[Black "Chigaev, Maksim"]
[WhiteFideId "5028280"]
[BlackFideId "4108116"]
[WhiteElo "2359"]
[BlackElo "2561"]
[Result "0-1"]
[Round "8"]
[TimeControl "180+2"]
[Date "2023.06.13"]
[WhiteClock "0:00:09"]
[BlackClock "0:00:30"]
[Board "33"]

1. e4 e6 2. d3 d5 3. Nd2 c5 4. Ngf3 Nc6 5. g3 Nf6 6. Bg2 g6 7. O-O Bg7 8. Re1 O-O 9. Qe2 a5 10. a4 b6 11. Nf1 dxe4 12. dxe4 Ba6 13. c4 Nd7 14. Bg5 Qc7 15. Rad1 Nd4 16. Nxd4 cxd4 17. b3 e5 18. Be7 Rfe8 19. Ba3 Bf8 20. Bc1 Nc5 21. Nd2 Rad8 22. h4 Bh6 23. Qf3 Bb7 24. g4 Bf4 25. g5 Rf8 26. Nf1 f5 27. gxf6 Rxf6 28. Bxf4 Rxf4 29. Qg3 Rdf8 30. Nh2 Qg7 31. Re2 Bxe4 32. Rde1 Bxg2 33. Kxg2 e4 34. Ng4 h5 35. Nh2 Qf6 36. Rb2 Nd3 37. Rxe4 Rxe4 38. Qxd3 Rxh4 39. Qg3 Rf4 40. Re2 h4 41. Qd3 Rxf2+ 42. Kh1 Qc6+ 43. Kg1 Qg2# 0-1


[Site "https://www.chess.com"]

[Event "Titled Tuesday Blitz June 13 Late 2023"]
[White "Kosakowski, Jakub"]
[Black "Skvortsov, Andrei"]
[WhiteFideId "1185080"]
[BlackFideId "24108600"]
[WhiteElo "2488"]
[BlackElo "2259"]
[Result "1-0"]
[Round "8"]
[TimeControl "180+2"]
[Date "2023.06.13"]
[WhiteClock "0:00:40"]
[BlackClock "0:00:03"]
[Board "34"]

1. d4 e6 2. e4 d5 3. Bd3 dxe4 4. Bxe4 c5 5. Ne2 Nf6 6. Bf3 Nc6 7. Be3 cxd4 8. Nxd4 Ne5 9. Nc3 Nc4 10. Qe2 Nxe3 11. Qxe3 Bc5 12. O-O-O O-O 13. Qe5 Nd7 14. Qe2 Qg5+ 15. Kb1 Qe5 16. Qd2 a6 17. Nb3 Bb4 18. Rhe1 Qf6 19. Ne4 Bxd2 20. Nxf6+ gxf6 21. Rxd2 Ne5 22. Be4 Rb8 23. f4 Nc4 24. Rd4 b5 25. Bd3 e5 26. fxe5 fxe5 27. Rh4 f5 28. Bxc4+ bxc4 29. Rxc4 e4 30. Nd4 Bd7 31. g3 Rb7 32. Rc5 Kg7 33. c3 Rf6 34. Re5 Kg6 35. Ne2 Rb5 36. Nf4+ Kf7 37. Rxb5 Bxb5 38. Kc2 Rh6 39. h3 Rb6 40. b3 Rd6 41. Rd1 Rb6 42. Rd5 Kf6 43. Kd2 Rb7 44. Ke3 Rc7 45. Rxb5 Rxc3+ 46. Kd4 Rxg3 47. Nh5+ Kg5 48. Rxf5+ Kxf5 49. Nxg3+ 1-0


[Site "https://www.chess.com"]

[Event "Titled Tuesday Blitz June 13 Late 2023"]
[White "Bellahcene, Bilel"]
[Black "Harsh Suresh"]
[WhiteFideId "696358"]
[BlackFideId "45018464"]
[WhiteElo "2552"]
[BlackElo "2209"]
[Result "1-0"]
[Round "8"]
[TimeControl "180+2"]
[Date "2023.06.13"]
[WhiteClock "0:00:14"]
[BlackClock "0:00:03"]
[Board "35"]

1. e4 e6 2. d4 d5 3. Nc3 Bb4 4. e5 Ne7 5. a3 Bxc3+ 6. bxc3 c5 7. h4 Qc7 8. Rh3 b6 9. h5 Ba6 10. Bxa6 Nxa6 11. Ne2 h6 12. g4 O-O-O 13. Qd3 Kb7 14. Rf3 Nc6 15. Kf1 f6 16. exf6 e5 17. fxg7 Rhg8 18. Rg3 Qxg7 19. Be3 Qd7 20. Qf5 Qe7 21. Qd3 Qh4 22. Qf5 Qh1+ 23. Rg1 Qh3+ 24. Ke1 exd4 25. cxd4 cxd4 26. Nxd4 Nxd4 27. Bxd4 Rge8+ 28. Kd2 Re4 29. c3 Nc7 30. Rg3 Qh4 31. a4 Ne6 32. Be3 Qe7 33. a5 Nc5 34. Bxc5 Qxc5 35. axb6 axb6 36. Re3 Rxe3 37. fxe3 Qe7 38. Qf4 Rf8 39. Qxh6 Rf2+ 40. Ke1 Rh2 41. Rd1 Qe4 42. Qg7+ Ka6 43. Ra1+ Kb5 44. Qd7+ Kc5 45. Qc7+ Kb5 46. Qxh2 Kc4 47. Qe2+ Kc5 48. Kd2 Kc6 49. h6 d4 50. cxd4 Qd5 51. Rc1+ Kb7 52. Qc4 Qd6 53. Kd3 b5 54. Qc7+ Ka8 55. Qxd6 b4 56. h7 b3 57. Rc2 Kb7 58. h8=Q bxc2 59. Qhb8# 1-0


[Site "https://www.chess.com"]